 Dungeon Crawl Stone Soup version 0.27.1-33-g824d729ab1 (webtiles) character file.

Game seed: 15945956334131625219

407 zeram the Spear-Bearer (level 6, 0/34 (44) HPs)
             Began as a Merfolk Gladiator on Dec 16, 2021.
             Slain by Edmund (4 damage)
             ... on level 4 of the Dungeon.
             The game lasted 00:06:49 (4642 turns).

zeram the Spear-Bearer (Merfolk Gladiator)          Turns: 4642, Time: 00:06:50

HP:   0/34 (44)     AC:  5    Str: 14    XL:     6   Next: 88%
MP:   6/6           EV: 14    Int:  9    God:
Gold: 143           SH:  0    Dex: 16    Spells: 5/5 levels left

rFire    . . .     SeeInvis .   a - +0 trident
rCold    . . .     Faith    .   (no shield)
rNeg     . . .     Spirit   .   b - +0 leather armour
rPois    .         Reflect  .   q - +1 helmet
rElec    .         Harm     .   (no cloak)
rCorr    .         Rampage  .   (no gloves)
Will     .....                  (no boots)
Stlth    +.........             (no amulet)
HPRegen  0.11/turn              (no ring)
MPRegen  0.10/turn              (no ring)

@: heavily drained
A: (nimble swimmer 2), mertail
a: no special abilities


You were on level 4 of the Dungeon.
You visited 1 branch of the dungeon, and saw 4 of its levels.

You collected 143 gold pieces.

Inventory:

Hand Weapons
 a - a +0 trident (weapon)
 p - a +1 dagger of venom
Missiles
 d - 2 throwing nets (quivered)
Armour
 b - a +0 leather armour (worn)
 c - a +0 helmet
 q - a +1 helmet (worn)
Jewellery
 g - a ring of poison resistance
 j - a ring of resist corrosion
Scrolls
 e - a scroll of acquirement {unknown}
 h - a scroll of silence {unknown}
 l - a scroll of immolation {unknown}
 m - a scroll of teleportation
 n - a scroll of amnesia {unknown}
 o - a scroll of magic mapping {unknown}
 s - a scroll of fear {unknown}
 t - a scroll of noise {unknown}
 u - a scroll of enchant armour {unknown}
Potions
 i - a potion of degeneration {unknown}
 r - a potion of brilliance
 v - a potion of mutation {unknown}


   Skills:
 - Level 2.1 Fighting
 + Level 9.4 Polearms
 - Level 2.0 Throwing
 + Level 6.2 Dodging


You had 5 spell levels left.
You didn't know any spells.
Your spell library contained the following spells:

 Spells                   Type           Power      Damage    Failure   Level
 Ignite Poison            Fire/Tmut/Pois 0%         N/A       83%         3
 Mephitic Cloud           Conj/Pois/Air  0%         N/A       83%         3
 Summon Guardian Golem    Hex/Summ       0%         N/A       83%         3
 Bolt of Magma            Conj/Fire/Erth 0%         4d4       100%        5
 Orb of Destruction       Conj           0%         N/A       100%        7
 Spellforged Servitor     Conj/Summ      0%         N/A       100%        7


Dungeon Overview and Level Annotations

Branches:
Dungeon (4/15)
 Temple: D:4-7

Altars:

Shops:
D:1 !

Annotations:
D:4 Edmund, Sigmund


Innate Abilities, Weirdness & Mutations

((You are quick and stealthy near water. (Stealth+, EV+, Speed+++)))
Your lower body shifts to a powerful aquatic tail in water.


Message History

Edmund is heavily wounded.
Edmund completely misses you.
You puncture Edmund!
Edmund is severely wounded.
Edmund hits you with a +0 dire flail of draining!
You feel drained.
You hit Edmund but do no damage.
Edmund is severely wounded.
Edmund misses you.
You hit Edmund.
Edmund is severely wounded.
Edmund closely misses you.
You hit Edmund.
Edmund is almost dead.
You hit Edmund.
Edmund is almost dead.
Edmund barely misses you.
You hit Edmund but do no damage.
Edmund is almost dead.
Edmund hits you with a +0 dire flail of draining!
You feel drained.
* * * LOW HITPOINT WARNING * * *
You hit Edmund but do no damage.
Edmund is almost dead.
Edmund hits you with a +0 dire flail of draining.
* * * LOW HITPOINT WARNING * * *
You feel drained.
* * * LOW HITPOINT WARNING * * *
Okay, then.
You feel better. Edmund closely misses you.
You barely miss Edmund.
Edmund is almost dead.
Edmund hits you with a +0 dire flail of draining!
* * * LOW HITPOINT WARNING * * *
You feel drained.
* * * LOW HITPOINT WARNING * * *
You hit Edmund.
Edmund is almost dead.
Edmund hits you with a +0 dire flail of draining.
You die...

##.## #.#.##.
#.# #.#.##.
#.# #...<..
#.# ###.###
#.# #.#
######.#
#.### ...##.#
#....
##.#####.##.#
#####
.......@@...#
##.#####.####
#.# #/# #.#
#.# #.# ..#
#.# ### #.#
#.# #### #.#
#...


You could see Edmund.

Vanquished Creatures
  2 ogres
  A hound (D:4)
  A gnoll shaman (D:4)
  An iguana (D:4)
  Robin (D:3)
  4 gnolls (D:4)
  5 adders
  3 worms
  3 dart slugs
  4 ball pythons
  3 bats (D:2)
  4 endoplasms
  11 goblins
  7 hobgoblins
  A quokka (D:1)
  3 frilled lizards
  4 kobolds
  3 rats
61 creatures vanquished.

Notes
Turn   | Place    | Note
-------+----------+-------------------------------------------
     0 | D:1      | zeram the Merfolk Gladiator began the quest for the Orb.
     0 | D:1      | Reached XP level 1. HP: 16/16 MP: 1/1
   329 | D:1      | Found a faded altar of an unknown god.
   492 | D:1      | Reached XP level 2. HP: 22/22 MP: 2/2
   515 | D:1      | Found Vaigg's Distillery.
   907 | D:2      | Reached skill level 5 in Polearms
  1265 | D:2      | Reached XP level 3. HP: 19/27 MP: 3/3
  1591 | D:2      | Reached skill level 6 in Polearms
  1591 | D:2      | Reached skill level 5 in Dodging
  1595 | D:2      | Reached XP level 4. HP: 14/33 MP: 4/4
  2112 | D:3      | Noticed an ogre
  2134 | D:2      | Killed an ogre
  2135 | D:2      | Reached skill level 7 in Polearms
  2135 | D:2      | Reached XP level 5. HP: 14/38 MP: 5/5
  2533 | D:3      | Noticed Robin
  2555 | D:3      | Killed Robin
  3284 | D:4      | Reached skill level 8 in Polearms
  3396 | D:4      | Reached XP level 6. HP: 33/44 MP: 6/6
  3981 | D:4      | Reached skill level 9 in Polearms
  4136 | D:4      | Noticed Sigmund
  4621 | D:4      | Noticed Edmund
  4642 | D:4      | Slain by Edmund

Illustrated notes

Levels and vault maps discovered:
D:1:      dpeg_arrival_refuge, layout_basic, serial_shops, shop_statue,
          hellmonk_ecumenical_altar_lost_god
D:2:      layout_rooms
D:3:      layout_rooms, serial_aquarium, aquarium_bridge_straight
          [aquarium_subvault_bridge, aquarium_subvault_window,
          aquarium_subvault_bridge, aquarium_subvault_wall],
          aquarium_bridge_square [aquarium_subvault_window,
          aquarium_subvault_wall, aquarium_subvault_balcony,
          aquarium_subvault_bridge], aquarium_window_1, aquarium_window_fake,
          aquarium_view_2c, aquarium_view_4, aquarium_pool_five, uniq_robin
D:4:      layout_loops_corners, uniq_edmund, uniq_blork_the_orc, uniq_sigmund

Skill      XL: |  1  2  3  4  5  6 |
---------------+-------------------+-----
Polearms       | 5 6 7 8 9 |  9.4
Dodging        | 5 6 |  6.2
Fighting       | |  2.1
Throwing       | |  2.0

Action                   |  1- 3 |  4- 6 || total
-------------------------+-------+-------++-------
Melee: Trident           |    66 |   202 ||   268
Throw: Throwing net      |       |     1 ||     1
  Use: Scroll            |       |     6 ||     6
       Potion            |       |     5 ||     5
 Stab: Sleeping          |     2 |     2 ||     4
Armor: Leather armour    |    12 |    24 ||    36
Dodge: Dodged            |    32 |    98 ||   130
